 Dungeon Crawl Stone Soup version 0.30-a0-462-gd5975efbca (webtiles) character file.

Game seed: 10802763116035947275

78928 Shayle the Unforgettable (level 15, -2/107 HPs)
             Began as a Demonspawn Reaver on Dec 16, 2022.
             Was the Champion of Hepliaklqana.
             Slain by Saint Roka
             ... wielding a +3 dire flail of venom
              (14 damage)
             ... on level 2 of the Orcish Mines.
             The game lasted 01:36:16 (26016 turns).

Shayle the Unforgettable (Demonspawn Reaver)       Turns: 26016, Time: 01:36:16

Health: -2/107     AC: 24    Str: 12    XL:     15   Next: 19%
Magic:  0/29       EV: 13    Int: 21    God:    Hepliaklqana [******]
Gold:   1923       SH:  9    Dex: 13    Spells: 24/35 levels left

rFire   + + .      SeeInvis .    J - +3 Elemental Staff {rElec rF++ rC++ AC+5}
rCold   + + +      Faith    .    (no shield)
rNeg    + + .      Spirit   +    I - +3 ring mail of Dinwugro {rPois rC+ rN++}
rPois   +          Reflect  +    b - +1 helmet
rElec   +          Harm     .    N - +1 cloak
rCorr   .          Rampage  .    v - +0 pair of gloves
Will    +....                    s - +2 pair of boots
Stlth   +.........               e - amulet of reflection
HPRegen 0.37/turn                P - ring of wizardry
MPRegen 0.42/turn                (no ring)

@: on berserk cooldown, slowed, very slow
A: reduced essence, claws 2, large bone plates 1, spiny 2, magic shield, magic
regeneration, magic link
a: Renounce Religion, Recall Ancestor, Ancestor Identity, Transference, Idealise


You were on level 2 of the Orcish Mines.
You worshipped Hepliaklqana.
Hepliaklqana was exalted by your worship.
You visited 4 branches of the dungeon, and saw 22 of its levels.

You collected 1923 gold pieces.

Inventory:

Hand Weapons
 a - the +9 rapier "Xuetoedgh" {venom, rCorr MP+9}
   (You took it off a necromancer on level 5 of the Lair of Beasts)

   It poisons the flesh of those it strikes.
   MP:        It affects your magic capacity (+9).
   rCorr:     It protects you from acid and corrosion.
 o - a +1 morningstar of protection
 J - the +3 Elemental Staff (weapon) {rElec rF++ rC++ AC+5}
   (You took it off a deep elf pyromancer on level 9 of the Dungeon)

   If the wielder is skilled in Evocations, they can discharge powerful blasts
   of elemental energy when striking with it.
   It enhances your fire, ice, earth and air magic.
   AC:        It affects your AC (+5).
   rF:        It greatly protects you from fire.
   rC:        It greatly protects you from cold.
   rElec:     It insulates you from electricity.
Missiles
 t - 5 curare-tipped darts (quivered)
 A - 4 throwing nets
Armour
 b - a +1 helmet (worn)
 s - a +2 pair of boots (worn)
 v - a +0 pair of gloves (worn)
 I - the +3 ring mail of Dinwugro (worn) {rPois rC+ rN++}
   (You found it on level 9 of the Dungeon)

   rC:        It protects you from cold.
   rPois:     It protects you from poison.
   rN:        It greatly protects you from negative energy.
 N - a +1 cloak (worn)
 U - a +0 buckler
Jewellery
 e - an amulet of reflection (around neck)
 u - a ring of flight
 K - an amulet of regeneration
 P - a ring of wizardry (left hand)
Wands
 D - a wand of iceblast (3)
 H - a wand of flame (11)
 M - a wand of mindburst (3)
 O - a wand of polymorph (10)
 T - a wand of digging (9)
 V - a wand of paralysis (16)
Scrolls
 d - 8 scrolls of teleportation
 i - a scroll of brand weapon
 l - 3 scrolls of enchant weapon
 n - 2 scrolls of immolation
 C - a scroll of blinking
 E - 5 scrolls of fog
 F - 2 scrolls of poison
 S - 8 scrolls of identify
 W - 2 scrolls of silence
 Y - 5 scrolls of magic mapping
Potions
 c - 2 potions of resistance
 f - 2 potions of cancellation
 g - 4 potions of ambrosia
 h - a potion of heal wounds
 q - 4 potions of brilliance
 r - 2 potions of invisibility
 w - 2 potions of mutation
 x - 6 potions of attraction
 z - 5 potions of curing
 B - 4 potions of might


   Skills:
 + Level 11.5 Fighting
 - Level 7.0 Axes
 + Level 7.9 Staves
 + Level 8.1 Armour
 - Level 6.5 Dodging
 + Level 10.6 Spellcasting
 - Level 7.5 Conjurations
 + Level 7.6 Air Magic
 * Level 16.0 Invocations


You had 24 spell levels left.
You knew the following spells:

 Your Spells              Type           Power      Damage    Failure   Level
a - Kiss of Death         Conj/Necr      100%       2d13      1%          1
b - Frozen Ramparts       Ice            32%        1d5       16%         3
c - Arcjolt               Conj/Air       29%        1d39      6%          5
d - Blink                 Tloc           22%        N/A       8%          2

Your spell library contained the following spells:

 Spells                   Type           Power      Damage    Failure   Level
 Momentum Strike          Conj/Tloc      54%        3d9       1%          2
 Static Discharge         Conj/Air       100%       2-7/arc   1%          2
 Hailstorm                Conj/Ice       40%        3d10      3%          3
 Vhi's Electric Charge    Tloc/Air       80%        N/A       3%          3
 Kindle Blastsparks       Fire/Tloc/Air  98%        2d18      5%          3
 Lightning Bolt           Conj/Air       29%        1d46      6%          5
 Ensorcelled Hibernation  Hex/Ice        32%        N/A       8%          2
 Fulminant Prism          Conj/Hex       13%        3d9       11%         4
 Iskenderun's Mystic Bla  Conj/Tloc      27%        2d7       11%         4
 Gell's Gravitas          Tloc           11%        N/A       16%         3
 Ozocubu's Armour         Ice            16%        N/A       16%         3
 Teleport Other           Tloc           11%        N/A       16%         3
 Ice Form                 Ice/Tmut       16%        N/A       43%         4
 Leda's Liquefaction      Hex/Erth       8%         N/A       43%         4
 Manifold Assault         Tloc           11%        N/A       43%         4
 Lee's Rapid Deconstruct  Erth           8%         3d7*      77%         5
 Metabolic Englaciation   Hex/Ice        8%         N/A       77%         5
 Dispersal                Tloc           5%         N/A       99%         6
 Simulacrum               Ice/Necr       8%         N/A       99%         6
 Statue Form              Tmut/Erth      10%        N/A       99%         6
 Ozocubu's Refrigeration  Ice            8%         4d9       100%        7
 Storm Form               Tmut/Air       20%        N/A       100%        7
 Borgnjor's Revivificati  Necr           5%         N/A       100%        8
 Necromutation            Tmut/Necr      5%         N/A       100%        8
 Death's Door             Necr           5%         N/A       100%        9


Dungeon Overview and Level Annotations

Branches:
Dungeon (14/15)            Temple (1/1) D:5            Lair (5/5) D:8
  Swamp (0/4) Lair:2        Snake (0/4) Lair:3        Slime (0/5) Lair:4
    Orc (2/2) D:10            Elf (0/3) Orc:2
 Vaults: D:13-14

Altars:
Ashenzari
Cheibriados
Dithmenos
Fedhas
Gozag
Hepliaklqana
Kikubaaqudgha
Makhleb
Nemelex Xobeh
Okawaru
Qazlal
Ru
Sif Muna
Trog
Uskayaw
Vehumet
Wu Jian
Xom
Yredelemnul
Jiyva
Lugonu

Shops:
D:6 =(   D:12 :   Orc:2 **?:(

Annotations:
D:6 1 runed translucent door, elongatedgoose's ghost, novice DEIE
D:8 3 runed translucent doors, NinjaNoafa's ghost, novice FeSu
Lair:1 exclusion: oklob plant
Lair:5 exclusion: obsidian statue
Orc:2 Saint Roka


Innate Abilities, Weirdness & Mutations

Your life essence is reduced to manifest your ancestor. (-10% HP)
You have very sharp fingernails.
You are partially covered in large bone plates. (SH +4)
You are mostly covered in sharp spines.
When hurt, damage is shared between your health and your magic reserves.
You regenerate magic rapidly.
When low on magic, you restore magic in place of health.


Message History

Saint Roka closely misses you. You block the shadow imp's attack.
Something hits you.
* * * LOW HITPOINT WARNING * * *
Deactivating autopickup; reactivate with Ctrl-A.
Unknown command.
You sock Saint Roka!
Saint Roka is severely wounded.
You feel very sick. The iron imp is struck by your spines.
You kill the iron imp!
Unknown command.
You sock Saint Roka!
Saint Roka is almost dead.
You feel very sick.
Saint Roka calls down the wrath of Beogh upon you.
Beogh smites you!
* * * LOW HITPOINT WARNING * * *
The shadow imp is struck by your spines.
The shadow imp hits you but does no damage.
The orc barely misses you. Something barely misses you.
The crimson imp blinks!
You hit Saint Roka but do no damage.
Saint Roka is almost dead.
You are no longer berserk.
You are exhausted.
You feel yourself slow down.
* * * LOW HITPOINT WARNING * * *
You feel very sick.
Saint Roka mumbles some strange prayers to Beogh against you.
Beogh smites you!
* * * LOW HITPOINT WARNING * * *
The shadow imp hits you but does no damage.
The orc is struck by your spines.
You kill the orc!
Reactivating autopickup.
You feel a bit more experienced. The white imp barely misses you.
You feel better. The shadow imp gestures at you.
You resist with significant effort.
Saint Roka hits you with a +3 dire flail of venom!!
You die...

#......## #...
#.......## ##...
##.......# '....
#.......## ....
#......##
####''######......#
......)....))....##
......5)5).......#
####.5[@[........#
#...#o.).......$..
#.....)............
#.#.....)............
....$...)............
.................##.
...............
#.............


You could see Saint Roka (drained), a crimson imp, a white imp and a shadow imp.

Vanquished Creatures
  6 dire elephants (Lair:5)
  Nessos (Lair:3)
  A great orb of eyes (D:12)
  A hydra (Lair:2)
  2 ogre magi (D:12)
  6 two-headed ogres
  A centaur warrior (D:13)
  4 death yaks (Lair:5)
  A spectral death yak (Lair:5)
  Amaemon (Lair:2)
  3 skeletal warriors
  A spectral anaconda (Lair:5)
  A harpy (shapeshifter) (D:10)
  2 necromancers (Lair:5)
  A deep elf pyromancer (D:12)
  2 orc knights (Orc:2)
  An orc sorcerer (Orc:1)
  An ugly thing (D:12)
  4 manticores
  5 cyclopes
  9 elephants
  2 black mambas
  An orange demon (Lair:2)
  4 gargoyles
  5 cane toads
  4 rime drakes
  4 kobold demonologists
  3 komodo dragons
  A troll (shapeshifter) (D:12)
  A meliai (shapeshifter) (D:12)
  A polar bear (Lair:3)
  A tyrant leech (Lair:1)
  2 trolls (D:10)
  Prince Ribbit (D:5)
  2 blink frogs (Lair:2)
  A slime creature (D:13)
  Sigmund (D:5)
  A wraith (D:13)
  A shadow (D:11)
  39 yaks
  A vampire (D:12)
  A dire elephant simulacrum (Lair:5)
  A basilisk (Lair:5)
  A fire elemental (D:9)
  A death yak simulacrum (Lair:5)
  A vampire mosquito (D:10)
  A warg (Orc:2)
  A spectral cane toad (Lair:5)
  A swamp worm (Lair:2)
  6 water moccasins
  A hornet zombie (D:6)
  3 ice beasts (D:7)
  29 orc warriors
  2 sky beasts
  3 ogres
  5 wolves
  19 centaurs
  3 phantoms
  7 kobold brigands
  A gnoll sergeant (D:5)
  7 bullfrogs
  A necrophage (D:5)
  2 wyvern zombies (D:7)
  3 scorpions
  2 water moccasin zombies
  9 wights
  2 elephant simulacra (Lair:5)
  12 killer bees
  A water moccasin skeleton (D:6)
  3 howler monkeys
  3 electric eels
  3 bullfrog zombies (D:6)
  3 centaur zombies
  A human zombie (D:7)
  7 orc priests
  6 hounds
  3 jellies
  A bullfrog skeleton (D:6)
  3 gnoll boudas
  An iron imp (Orc:2)
  5 hexers
  10 orc wizards
  7 hell rats (Lair:5)
  A killer bee zombie (D:7)
  2 howler monkey zombies (D:6)
  17 gnolls
  A howler monkey skeleton (D:6)
  8 adders
  2 shadow imps (D:6)
  2 ufetubi
  A worm (D:2)
  2 dart slugs
  65 orcs
  4 ball pythons
  6 endoplasms
  3 giant cockroaches
  7 hobgoblins
  36 kobolds
  3 quokkas (D:3)
  13 bats
  4 frilled lizards
  12 goblins
  5 rats
506 creatures vanquished.

Vanquished Creatures (collateral kills)
  2 dire elephants (Lair:5)
  An ettin (Orc:1)
  Fannar (D:10)
  2 death yaks (Lair:5)
  An ogre mage (Orc:1)
  2 boulder beetles
  A two-headed ogre (D:10)
  Nergalle (Lair:2)
  A necromancer (Lair:5)
  A deep elf pyromancer (D:9)
  An orc sorcerer (Orc:2)
  8 elephants
  3 cyclopes (D:12)
  Maurice (D:10)
  2 black mambas
  A gargoyle (D:12)
  A torpor snail (Lair:2)
  6 cane toads
  A dire elephant skeleton (Lair:5)
  A freezing wraith (D:12)
  A rime drake (Lair:3)
  A komodo dragon (Lair:5)
  A polar bear (Lair:1)
  2 trolls
  2 slime creatures (D:13)
  A tyrant leech (Lair:2)
  A wind drake (shapeshifter) (D:12)
  3 blink frogs (Lair:2)
  2 fire elementals (D:9)
  A wraith (D:9)
  2 wyverns
  18 yaks
  6 basilisks
  A swamp worm (Lair:2)
  A death yak simulacrum (Lair:5)
  2 nagas (Lair:3)
  A warg (Orc:1)
  3 water moccasins
  4 black bears (Lair:2)
  3 orc warriors
  A hornet zombie (D:7)
  An ice beast (D:6)
  5 wolves
  5 centaurs
  2 phantoms
  2 kobold brigands
  3 bullfrogs
  A necrophage (D:7)
  A wyvern zombie (D:7)
  4 wights
  2 killer bees (D:10)
  A howler monkey (D:10)
  An electric eel (D:8)
  A bullfrog zombie (D:6)
  3 hounds (D:8)
  2 orc priests
  2 iguanas
  15 orc wizards
  A mummy (D:7)
  A gnoll (D:6)
  An adder (D:6)
  16 orcs
  A bat (Orc:1)
  A kobold (D:8)
167 creatures vanquished.

Vanquished Creatures (others)
  A troll (Orc:2)
  An orc warrior (Orc:2)
  28 hexers
  An ancestor (D:6)
  A kobold (D:9)
  25 fungi
  30 plants
  29 withered plants
116 creatures vanquished.

Grand Total: 789 creatures vanquished

Notes
Turn   | Place    | Note
-------+----------+-------------------------------------------
     0 | D:1      | Shayle the Demonspawn Reaver began the quest for the Orb.
     0 | D:1      | Reached XP level 1. HP: 16/16 MP: 3/3
    13 | D:1      | Got Bimuosy's Compendium of the Chill
   134 | D:1      | Gained mutation: You are partially covered in sharp spines.
                  | [demonic ancestry]
   134 | D:1      | Reached XP level 2. HP: 22/22 MP: 5/5
   632 | D:2      | Reached XP level 3. HP: 21/28 MP: 6/6
   989 | D:2      | Found a blossoming altar of Fedhas.
  1793 | D:3      | Noticed an ogre
  1801 | D:3      | Gained mutation: You are partially covered in large bone
                  | plates. (SH +4) [demonic ancestry]
  1801 | D:3      | Reached XP level 4. HP: 32/34 MP: 7/7
  1806 | D:3      | Killed an ogre
  1807 | D:3      | Reached XP level 5. HP: 11/41 MP: 6/9
  2706 | D:4      | Reached XP level 6. HP: 16/47 MP: 10/10
  3694 | D:5      | Entered Level 5 of the Dungeon
  3949 | D:5      | Found a staircase to the Ecumenical Temple.
  3958 | Temple   | Entered the Ecumenical Temple
  3991 | Temple   | Became a worshipper of Hepliaklqana the Forgotten
  4213 | D:5      | Found a shadowy altar of Dithmenos.
  4518 | D:5      | Noticed Prince Ribbit
  4532 | D:5      | Killed Prince Ribbit
  4533 | D:5      | Gained mutation: You have sharp fingernails. [demonic
                  | ancestry]
  4533 | D:5      | Reached XP level 7. HP: 32/54 MP: 12/12
  5337 | D:5      | Noticed Sigmund
  5353 | D:5      | Killed Sigmund
  5354 | D:5      | Reached skill level 5 in Conjurations
  5354 | D:5      | Gained mutation: You regenerate magic rapidly. [demonic
                  | ancestry]
  5354 | D:5      | Reached XP level 8. HP: 35/61 MP: 14/14
  5869 | D:6      | Found Kimm's Jewellery Shop.
  5884 | D:6      | Reached * piety under Hepliaklqana
  6117 | D:6      | Reached skill level 5 in Fighting
  6117 | D:6      | Reached skill level 5 in Axes
  6312 | D:6      | Reached skill level 5 in Spellcasting
  6317 | D:6      | Found Teohy's Weapon Emporium.
  6322 | D:6      | Reached skill level 5 in Dodging
  6662 | D:6      | Noticed elongatedgoose's ghost (novice DEIE)
  6696 | D:6      | Found a runed translucent door.
  6751 | D:5      | Gained mutation: You are mostly covered in sharp spines.
                  | [demonic ancestry]
  6751 | D:5      | Reached XP level 9. HP: 58/61 MP: 16/16
  7066 | D:6      | Found a blossoming altar of Fedhas.
  7442 | D:7      | Reached ** piety under Hepliaklqana
  7443 | D:7      | Remembered your ancestor Muriel as a hexer
  8179 | D:8      | Noticed a troll
  8185 | D:8      | Killed a troll
  8204 | D:8      | Reached XP level 10. HP: 51/69 MP: 19/19
  8536 | D:8      | Found a runed translucent gate.
  8536 | D:8      | Found a runed translucent gate.
  8536 | D:8      | Found a runed translucent gate.
  8539 | D:8      | Noticed NinjaNoafa's ghost (novice FeSu)
  8811 | D:10     | Entered Level 10 of the Dungeon
  8962 | D:8      | Learned a level 3 spell: Frozen Ramparts
  8968 | D:8      | Learned a level 5 spell: Arcjolt
  8971 | D:8      | Learned a level 2 spell: Blink
  9022 | D:8      | Found a staircase to the Lair.
  9232 | D:9      | Noticed a gargoyle
  9248 | D:9      | Noticed a gargoyle
  9268 | D:9      | Killed a gargoyle
  9269 | D:9      | Reached skill level 1 in Invocations
  9276 | D:9      | Reached skill level 1 in Armour
  9276 | D:9      | Reached skill level 2 in Invocations
  9280 | D:9      | Reached skill level 3 in Invocations
  9284 | D:9      | Identified the +3 ring mail of Dinwugro {rPois rC+ rN++}
  9302 | D:9      | Noticed a deep elf pyromancer
  9307 | D:9      | Killed a deep elf pyromancer
  9308 | D:9      | Reached skill level 4 in Invocations
  9332 | D:9      | Killed a gargoyle
  9357 | D:9      | Noticed a boulder beetle
  9379 | D:9      | Killed a boulder beetle
  9380 | D:9      | Reached skill level 1 in Staves
  9380 | D:9      | Reached skill level 5 in Invocations
  9416 | D:9      | Gained mutation: You have very sharp fingernails. [demonic
                  | ancestry]
  9416 | D:9      | Reached XP level 11. HP: 71/77 MP: 21/21
  9675 | D:9      | Reached skill level 6 in Invocations
  9797 | D:9      | Reached skill level 1 in Air Magic
  9995 | D:10     | Reached skill level 7 in Invocations
  9997 | D:10     | Noticed Fannar
 10007 | D:10     | Killed Fannar
 10290 | D:10     | Reached *** piety under Hepliaklqana
 10352 | D:10     | Found a staircase to the Orcish Mines.
 10355 | D:10     | Noticed Maurice
 10372 | D:10     | Killed Maurice
 10373 | D:10     | Reached skill level 8 in Invocations
 11084 | Lair:1   | Entered Level 1 of the Lair of Beasts
 11629 | Lair:1   | Reached **** piety under Hepliaklqana
 11716 | Lair:1   | Reached skill level 9 in Invocations
 11734 | Lair:1   | Reached XP level 12. HP: 69/84 MP: 24/24
 12642 | Lair:2   | Noticed Nergalle
 12666 | Lair:2   | Killed Nergalle
 12714 | Lair:2   | Noticed an eight-headed hydra
 12902 | Lair:1   | Reached skill level 10 in Invocations
 13062 | Lair:1   | Reached skill level 5 in Armour
 13929 | D:7      | Found a basalt altar of Yredelemnul.
 14456 | Lair:2   | Reached skill level 11 in Invocations
 14744 | Lair:2   | Reached skill level 5 in Staves
 14782 | Lair:2   | Found a staircase to the Swamp.
 14994 | Lair:2   | Noticed Amaemon
 15048 | Lair:2   | Killed Amaemon
 15435 | Lair:3   | Gained mutation: When hurt, damage is shared between your
                  | health and your magic reserves. [demonic ancestry]
 15435 | Lair:3   | Reached XP level 13. HP: 80/91 MP: 25/25
 15481 | Lair:3   | Found a staircase to the Snake Pit.
 15547 | Lair:3   | Reached ***** piety under Hepliaklqana
 15749 | Lair:3   | Noticed Nessos
 15753 | Lair:3   | Paralysed by Nessos for 4 turns
 15759 | Lair:3   | Reached skill level 5 in Air Magic
 15759 | Lair:3   | Killed Nessos
 16186 | Lair:4   | Found a staircase to the Slime Pits.
 16187 | Lair:4   | Found a viscous altar of Jiyva.
 16509 | Lair:4   | Reached skill level 12 in Invocations
 16943 | Lair:5   | Entered Level 5 of the Lair of Beasts
 16987 | Lair:5   | Reached skill level 10 in Fighting
 17576 | Lair:5   | Reached skill level 13 in Invocations
 18809 | Lair:5   | Noticed a dire elephant
 18809 | Lair:5   | Noticed a dire elephant
 18809 | Lair:5   | Noticed a dire elephant
 18809 | Lair:5   | Noticed a dire elephant
 18809 | Lair:5   | Noticed a dire elephant
 18818 | Lair:5   | Noticed a dire elephant
 18821 | Lair:5   | Noticed a dire elephant
 18849 | Lair:5   | Killed a dire elephant
 18864 | Lair:5   | Killed a dire elephant
 19061 | Lair:5   | Killed a dire elephant
 19248 | Lair:5   | Identified the +9 rapier "Xuetoedgh" {venom, rCorr MP+9}
 19301 | Lair:5   | Gained mutation: When low on magic, you restore magic in
                  | place of health. [demonic ancestry]
 19301 | Lair:5   | Reached XP level 14. HP: 82/99 MP: 15/27
 19516 | Lair:5   | Reached skill level 14 in Invocations
 21048 | D:10     | Reached skill level 10 in Spellcasting
 21439 | D:11     | Found the +2 ratskin cloak {*Rats rPois rN+ Str-1 Int-1
                  | Dex+1}
 22027 | D:12     | Found Laddafe's Book Emporium.
 22134 | D:12     | Reached skill level 15 in Invocations
 22257 | D:12     | Paralysed by a great orb of eyes for 2 turns
 23623 | D:13     | Found a corrupted altar of Lugonu.
 23623 | D:13     | You fall into a shaft and drop 1 floor!
 23908 | D:13     | Reached ****** piety under Hepliaklqana
 24437 | Orc:1    | Entered Level 1 of the Orcish Mines
 24704 | Orc:1    | Reached XP level 15. HP: 92/107 MP: 13/29
 24924 | Orc:2    | Entered Level 2 of the Orcish Mines
 25000 | Orc:2    | Found Fismotus's Fabulous Fripperies.
 25017 | Orc:2    | Found a staircase to the Elven Halls.
 25663 | Orc:2    | Reached skill level 16 in Invocations
 25753 | Orc:2    | Found Isoafani's Magic Scroll Shoppe.
 25753 | Orc:2    | Found Dehes's Book Boutique.
 25755 | Orc:2    | Found Amoczal's Antique Weapon Shop.
 25757 | Orc:2    | Found Reem's General Store.
 25974 | Orc:2    | Noticed Saint Roka
 26016 | Orc:2    | Slain by Saint Roka

Illustrated notes

Levels and vault maps discovered:
D:1:      dpeg_arrival_tiny_j, layout_loops_ring
D:2:      layout_loops_corners, basic_altar
D:3:      layout_basic, lightli_corner_chamber
D:4:      layout_layer_cave
D:5:      layout_layer_cave, grunt_dithmenos_smoke_and_mirrors,
          minmay_temple_entry_mist, serial_bayou, serial_bayou_shore_b,
          serial_bayou_shore_b, serial_bayou_pond_b, serial_bayou_pond_b,
          uniq_sigmund, uniq_prince_ribbit1
D:6:      layout_loops_ring, fedhas_altar_4, serial_undead, serial_undead_c,
          serial_undead_c, serial_undead_c, serial_undead_f, serial_undead_a,
          serial_undead_b, serial_shops, shop, shop,
          hellmonk_ghost_happy_afterlife, kennysheep_small_circle
D:7:      layout_basic, lemuel_mausoleum_altar_yredelemnul
D:8:      layout_loops_cross, erik_lair_island, gammafunk_ghost_necromancy,
          eino_jars
D:9:      layout_rooms, mainiacjoe_overflow_alcove_1, special_room
          [special_room_kobold], dilly_guarded_unrand_elemental_staff
D:10:     minmay_chambers_of_sevens, layout_basic, orc_0_dummy, uniq_fannar,
          uniq_maurice
D:11:     layout_basic, feat_on_display
D:12:     layout_basic, serial_shops, shop, minivault_28
D:13:     lemuel_traditional_vault, layout_stronghold, tgw_lugonu_bribe
D:14:     layout_irregular_city, erik_vaults_1, cheibrodos_ashenzari_chains,
          minmay_hidden_floor
Temple:   eino_narrow_crystal_temple
Lair:1:   layout_gridlike, minmay_lair_oklob_items
Lair:2:   layout_roguey, minmay_swamp_entry_worms, beast_lair_carwin_11,
          uniq_nergalle, uniq_amaemon
Lair:3:   layout_gridlike, minmay_snake_entry_guardpost_small,
          grunt_megastairs_2, uniq_nessos
Lair:4:   layout_small_grid, slime_entry_1
Lair:5:   due_jungle_book, layout_loops_ring, minmay_stone_trees_medium,
          grunt_megastairs_1
Orc:1:    layout_caves, basic_altar, roderic_batcave
Orc:2:    st_orc_rangers, layout_caves, basic_altar, nicolae_alphabet_shops,
          hangedman_minor_magic, uniq_saint_roka

Skill      XL: |  1  2  3  4  5  6  7  8  9 10 11 12 13 14 15 |
---------------+----------------------------------------------+-----
Dodging        | 2 3 4 5 6 |  6.5
Axes           | 3 4 5 6 7 |  7.0
Fighting       | 3 4 5 6 7 8 9 10 11 | 11.5
Spellcasting   | 3 4 5 6 7 8 9 10 | 10.6
Conjurations   | 4 5 6 7 |  7.5
Invocations    | 5 9 11 13 15 16 | 16.0
Armour         | 2 4 5 6 7 8 |  8.1
Staves         | 1 3 5 6 7 |  7.9
Air Magic      | 3 4 6 7 |  7.6

Action                   |  1- 3 |  4- 6 |  7- 9 | 10-12 | 13-15 || total
-------------------------+-------+-------+-------+-------+-------++-------
Melee: Hand axe          |    77 |       |       |       |       ||    77
       Dagger            |    11 |   125 |   300 |   112 |       ||   548
       Punch             |       |     1 |     7 |    16 |    22 ||    46
       Staff             |       |       |       |   795 |   755 ||  1550
Throw: Dart              |       |     3 |       |       |       ||     3
       Throwing net      |       |     2 |       |       |       ||     2
 Cast: Kiss of Death     |       |     1 |       |       |       ||     1
       Arcjolt           |       |       |       |       |   126 ||   126
       Frozen Ramparts   |       |       |       |       |    45 ||    45
Invok: Recall Ancestor   |       |       |     2 |     6 |       ||     8
       Ancestor Life: He |       |       |     1 |       |       ||     1
       Idealise          |       |       |       |       |     2 ||     2
       Transference      |       |       |       |       |     1 ||     1
Evoke: Wand              |       |       |       |     3 |    11 ||    14
  Use: Scroll            |       |     6 |     8 |    17 |     6 ||    37
       Potion            |       |       |       |     3 |     6 ||     9
 Stab: Distracted        |       |       |     5 |     7 |    16 ||    28
       Confused          |       |       |     1 |    19 |    14 ||    34
       Invisible         |       |       |       |       |     4 ||     4
       Paralysed         |       |       |       |       |    17 ||    17
Armor: Leather armour    |    14 |    15 |    41 |     1 |       ||    71
       Troll leather arm |       |       |       |    27 |       ||    27
       Ring mail         |       |       |       |   300 |   289 ||   589
Dodge: Dodged            |    43 |    64 |   132 |   400 |   389 ||  1028
       Repelled          |       |       |     2 |     1 |       ||     3
Block: Other             |       |    25 |   106 |   369 |   347 ||   847
       Reflection        |       |       |       |    13 |    46 ||    59

Table legend: (Time is in decaauts)
 A = Elapsed time spent in this place.
 B = Non-inter-level travel time spent in this place.
 C = Inter-level travel time spent in this place.
 D = Time resting spent in this place.
 E = Time spent auto-exploring this place.
 F = Levels seen in this place.
 G = Mean time per level.
                   A        B        C        D        E       F      G
               +--------+--------+--------+--------+--------+-----+--------+
         Total |  26018 |  24563 |   1455 |   5405 |  12992 |  22 | 1182.6 |
       Dungeon |  15904 |  14883 |   1021 |   2354 |   8653 |  14 | 1136.0 |
        Temple |    232 |    205 |     27 |      0 |    194 |   1 |  232.0 |
          Lair |   8515 |   8150 |    365 |   2740 |   3552 |   5 | 1703.0 |
  Orcish Mines |   1365 |   1324 |     41 |    311 |    593 |   2 |  682.5 |
               +--------+--------+--------+--------+--------+-----+--------+

Top non-repeatable levels by time:
  Lair:5: 3072 daAuts
  Lair:1: 2144 daAuts
     D:5: 2117 daAuts
    D:10: 2024 daAuts
    D:12: 1834 daAuts
     D:8: 1543 daAuts
  Lair:2: 1371 daAuts
     D:6: 1205 daAuts
     D:7: 1166 daAuts
     D:2: 1120 daAuts
     D:4: 1091 daAuts
     D:9: 1025 daAuts
  Lair:3: 973 daAuts
  Lair:4: 953 daAuts
     D:3: 868 daAuts
